 Zot Defence DCSS version 0.15.2 (webtiles) character file.

7529 namelastname112 the Grappler (level 10, -8/25 (102) HPs)
             Began as a Troll Monk on May 21, 2016.
             Was a Priest of Yredelemnul.
             Mangled by a slime creature (16 damage)
             ... in the Realm of Zot (Scenario II: Battle Heart).
             The game lasted 00:09:11 (1531 turns).

namelastname112 the Grappler (Troll Monk)           Turns: 1531, Time: 00:09:12

HP  -8/25 (102)  AC  5     Str 23      XL: 10   Next: 96%
MP  11/11        EV 14     Int  6      God: Yredelemnul [***...]
Gold 0           SH  0     Dex 13      Spells:  0 memorised,  9 levels left

rFire  . . .     SeeInvis .       - Unarmed
rCold  . . .     Clarity  .     a - +0 robe
rNeg   . . .     rCorr    .     (shield restricted)
rPois  .         rRot     .     (helmet restricted)
rElec  .         Spirit   .     (no cloak)
SustAb .         Warding  .     (gloves unavailable)
rMut   .         Stasis   .     (boots unavailable)
Gourm  +                        (no amulet)
MR     .....                    (no ring)
                                (no ring)

@: not resistant to hostile enchantments, very unstealthy
A: unfitting armour, claws 3, fast metabolism 3, gourmand, regeneration 2,
saprovore 2, shaggy fur 1, tough skin 2
a: Make oklob sapling, Make arrow trap, Make plant, Remove Curse, Make burning
bush, Make altar, Make grenades, Make oklob plant, Make net trap, Make ice
statue, Make spear trap, Animate Dead, Recall Undead Slaves, Injury Mirror,
Renounce Religion


You were in the Realm of Zot.
You worshipped Yredelemnul.
Yredelemnul was most pleased with you.
You were not hungry.

You visited 1 branch

Inventory:

Armour
 a - a +0 robe (worn)
Comestibles
 b - 5 chunks of troll flesh
 c - 2 meat rations
Scrolls
 h - a scroll of blinking
Potions
 e - a potion of haste
 f - 2 potions of magic


   Skills:
 + Level 7.1 Fighting
 + Level 8.7 Dodging
 - Level 1.1 Stealth
 * Level 10.9 Unarmed Combat
 * Level 4.3 Invocations


You had 9 spell levels left.
You didn't know any spells.

Dungeon Overview and Level Annotations

Branches:
    Zot (1/1)

Altars:
Yredelemnul


Innate Abilities, Weirdness & Mutations

You are too large for most types of armour.
You have claws for hands.
Your metabolism is lightning-fast.
You like to eat raw meat.
You heal very quickly.
You can eat rotten meat.
You are covered in fur (AC +1).
You have very tough skin (AC +2).


Message History

You kill the yak!
Yredelemnul accepts your kill.
A giant frog comes into view.
An orc comes into view. It is wielding a runed dagger.
A boggart comes into view.
You claw the hound!
The hound begins to bleed from its wounds!
The hound is severely wounded.
The slime creature hits you but does no damage.
A centaur comes into view.
You barely miss the slime creature.
The hound is no longer bleeding.
Your iguana zombie misses the hound.
The slime creature hits you!
Ouch! That really hurt!
A slime creature comes into view.
You scratch the slime creature but do no damage.
Your iguana zombie closely misses the hound.
The slime creature hits you!
Ouch! That really hurt!
You die...
Your body rises from the dead as a mindless zombie.

▓▓...▓▓######### ▓▓.....▓▓
▓▓......)▓▓▓ ▓▓▓.........c▓▓▓
▓▓..............▓▓▓
...........J...go.▓▓####
...................▓▓▓▓▓▓▓▓▓▓
▓▓▓
...............J.Zh▓##▓$|[∆∆▓
▓∆∆ ................@.▓▓
▓∆▓∆▓∆▓▓▓∆▓
..............))..▓
▓∆∆▓∆∆▓▓▓∆∆
.................F▓
▓∆▓∆▓∆▓▓▓∆▓
▓................▓▓ ▓∆∆∆∆∆▓
▓∆∆ ▓▓▓......▓▓▓▓▓▓▓▓▓
▓▓▓▓▓▓▓▓▓▓▓ ▓.....▓▓ ▓▓.▓▓
▓▓....)▓▓ ▓▓...▓▓
▓▓......)▓▓▓ ▓▓.P...▓
..........)▓▓▓ ▓▓▓▓▓▓▓..P....


You could see 2 slime creatures, a giant frog, a centaur, a boggart, a hound, an
orc and a friendly iguana zombie.

Vanquished Creatures
  5 polar bears (Zot)
  A slime creature (Zot)
  A yak (Zot)
  An ogre (Zot)
  Purgy (Zot)
  3 black bears (Zot)
  3 giant frogs (Zot)
  3 polar bear zombies (Zot)
  A jelly (Zot)
  2 black bear zombies (Zot)
  An orc wizard (Zot)
  A hound (Zot)
  5 worker ants (Zot)
  A gnoll shaman (Zot)
  3 iguanas (Zot)
  3 gnolls (Zot)
  6 green rats (Zot)
  A shadow imp (Zot)
  A giant mite (Zot)
  8 adders (Zot)
  2 oozes (Zot)
  4 orcs (Zot)
  6 bats (Zot)
  A bat zombie (Zot)
  3 giant cockroaches (Zot)
  6 hobgoblins (Zot)
  2 jackals (Zot)
  3 kobolds (Zot)
  A quokka (Zot)
  6 ball pythons (Zot)
  A ball python skeleton (Zot)
  A ball python zombie (Zot)
  A giant cockroach zombie (Zot)
  3 giant newts (Zot)
  A giant newt zombie (Zot)
  7 goblins (Zot)
  A goblin zombie (Zot)
  A kobold skeleton (Zot)
  7 rats (Zot)
108 creatures vanquished.

Vanquished Creatures (collateral kills)
  4 polar bears (Zot)
  Edmund (Zot)
  7 black bears (Zot)
  A giant frog (Zot)
  An orange rat (Zot)
  2 black bear zombies (Zot)
  3 iguanas (Zot)
  A worker ant (Zot)
  A gnoll (Zot)
  3 adders (Zot)
  A shadow imp (Zot)
  2 giant mites (Zot)
  An orc zombie (Zot)
  2 adder zombies (Zot)
  2 bats (Zot)
  A jackal (Zot)
  A ball python zombie (Zot)
  2 giant newts (Zot)
  5 goblins (Zot)
  A hobgoblin skeleton (Zot)
  4 kobolds (Zot)
  2 kobold zombies (Zot)
  A quokka zombie (Zot)
  7 rats (Zot)
  2 rat zombies (Zot)
  A butterfly (Zot)
59 creatures vanquished.

Vanquished Creatures (others)
  A polar bear zombie (Zot)
  2 oklob saplings (Zot)
  2 giant frog zombies (Zot)
  2 worker ant zombies (Zot)
  A mummy (Zot)
  4 gnoll zombies (Zot)
  2 iguana zombies (Zot)
  3 adder zombies (Zot)
  A bat zombie (Zot)
  3 green rat zombies (Zot)
  A ball python zombie (Zot)
  2 giant cockroach zombies (Zot)
  2 giant mite zombies (Zot)
  A giant newt zombie (Zot)
  A goblin zombie (Zot)
  2 hobgoblin zombies (Zot)
  A jackal zombie (Zot)
  2 kobold zombies (Zot)
  2 orc zombies (Zot)
  A rat skeleton (Zot)
  3 rat zombies (Zot)
  5 plants (Zot)
44 creatures vanquished.

Grand Total: 211 creatures vanquished

Notes
Turn   | Place    | Note
--------------------------------------------------------------
     0 | Zot      | namelastname112, the Troll Monk, began the quest for the Orb.
     0 | Zot      | Reached XP level 1. HP: 22/22 MP: 1/1
   220 | Zot      | Reached XP level 2. HP: 29/29 MP: 1/1
   287 | Zot      | Reached XP level 3. HP: 16/36 MP: 2/2
   353 | Zot      | Reached skill level 5 in Unarmed Combat
   381 | Zot      | Reached XP level 4. HP: 42/44 MP: 2/2
   563 | Zot      | Reached XP level 5. HP: 52/52 MP: 2/2
   604 | Zot      | Noticed a polar bear
   618 | Zot      | Noticed a black bear
   621 | Zot      | Noticed a polar bear
   627 | Zot      | Killed a polar bear
   627 | Zot      | Reached skill level 6 in Unarmed Combat
   627 | Zot      | Reached XP level 6. HP: 25/57 MP: 3/3
   627 | Zot      | Reached XP level 7. HP: 27/63 MP: 3/3
   629 | Zot      | Noticed a polar bear
   637 | Zot      | Killed a black bear
   637 | Zot      | Reached skill level 5 in Dodging
   638 | Zot      | Noticed a black bear
   641 | Zot      | Killed a polar bear
   641 | Zot      | Reached skill level 7 in Unarmed Combat
   641 | Zot      | Reached XP level 8. HP: 13/74 MP: 3/3
   644 | Zot      | Noticed a black bear
   647 | Zot      | Killed a polar bear
   650 | Zot      | Noticed a polar bear
   652 | Zot      | Noticed a black bear
   653 | Zot      | Killed a black bear
   654 | Zot      | Killed a black bear
   654 | Zot      | Reached skill level 8 in Unarmed Combat
   658 | Zot      | Killed a polar bear
   660 | Zot      | Noticed a black bear
   660 | Zot      | Killed a black bear
   660 | Zot      | Reached skill level 5 in Fighting
   660 | Zot      | Reached XP level 9. HP: 18/84 MP: 4/4
   661 | Zot      | Noticed a black bear
   665 | Zot      | Noticed a black bear
   667 | Zot      | Noticed a polar bear
   667 | Zot      | Killed a black bear
   669 | Zot      | Noticed a polar bear
   672 | Zot      | Killed a black bear
   679 | Zot      | Killed a polar bear
   683 | Zot      | Killed a polar bear
   683 | Zot      | Reached skill level 9 in Unarmed Combat
   685 | Zot      | Killed a black bear
   724 | Zot      | Became a worshipper of Yredelemnul the Dark
   724 | Zot      | Acquired Yredelemnul's first power
   724 | Zot      | Acquired Yredelemnul's second power
   765 | Zot      | Noticed a polar bear
   766 | Zot      | Noticed a polar bear
   767 | Zot      | Noticed Boepsizi
   773 | Zot      | Noticed a polar bear
   774 | Zot      | Noticed a black bear
   778 | Zot      | Noticed a black bear
   778 | Zot      | Killed a polar bear
   783 | Zot      | Killed a black bear
   794 | Zot      | Killed a polar bear
   794 | Zot      | Reached skill level 1 in Invocations
   798 | Zot      | Killed a black bear
   798 | Zot      | Reached XP level 10. HP: 28/72 MP: 4/5
   801 | Zot      | Killed Boepsizi the black bear
   893 | Zot      | Killed a polar bear
   914 | Zot      | Reached skill level 10 in Unarmed Combat
  1166 | Zot      | Acquired Yredelemnul's third power
  1238 | Zot      | Noticed Edmund
  1296 | Zot      | Killed Edmund
  1368 | Zot      | Received a gift from Yredelemnul
  1442 | Zot      | Noticed Purgy
  1456 | Zot      | Killed Purgy
  1531 | Zot      | Mangled by a slime creature

Action                   |  1- 3 |  4- 6 |  7- 9 | 10-12 || total
-------------------------+-------+-------+-------+-------++-------
Melee: Unarmed           |    42 |    45 |    44 |   200 ||   331
Invok: Animate Remains   |       |       |     2 |    14 ||    16
       Animate Dead      |       |       |       |    10 ||    10
 Abil: Make oklob saplin |     1 |       |     1 |       ||     2
       Make plant        |       |     6 |     6 |     5 ||    17
       Make oklob plant  |       |       |     1 |       ||     1
       Make burning bush |       |       |     2 |       ||     2
       Make altar        |       |       |     1 |       ||     1
       Make ice statue   |       |       |       |     1 ||     1
  Use: Potion            |       |       |       |     5 ||     5
 Stab: Distracted        |     2 |       |     2 |     2 ||     6
